 Dungeon Crawl Stone Soup version 0.16-a0-4097-gb4d75fa (webtiles) character file.

50908 Qrupt the Destroyer (level 14, -4/99 HPs)
             Began as a Demonspawn Venom Mage on Feb 24, 2015.
             Was the Champion of Qazlal.
             Shot with a bolt of penetration by an orc knight (32 damage)
             ... on level 4 of the Orcish Mines on Feb 25, 2015.
             The game lasted 02:20:12 (21278 turns).

Qrupt the Destroyer (Demonspawn Venom Mage)        Turns: 21278, Time: 02:20:12

Health: -4/99      AC: 14    Str: 11    XL:     14   Next: 21%
Magic:  7/28       EV: 15    Int: 19    God:    Qazlal [******]
Gold:   2701       SH:  8    Dex: 19    Spells: 5 memorised, 8 levels left

rFire  . . .     SeeInvis .     t - +10 quarterstaff of Pomyin {venom, Str+3 Dex+2}
rCold  + + .     Clarity  .     C - +0 ring mail {rC+}
rNeg   . . .     SustAb   .     (no shield)
rPois  +         Gourm    .     N - +1 hat
rElec  .         Spirit   .     a - +0 cloak {rPois}
rCorr  .         Warding  .     (no gloves)
rMut   .         Stasis   .     o - +0 pair of boots
MR     +....                    A - amulet of regeneration
Stlth  +.........               (no ring)
                                H - ring of protection from cold

@: protected from physical damage, repel missiles, somewhat resistant to hostile
enchantments, very unstealthy
A: hooves 2, thin metallic scales 2, foul stench 1, spiny 1, rot immunity
a: Upheaval, Elemental Force, Disaster Area, Renounce Religion


You were on level 4 of the Orcish Mines.
You worshipped Qazlal.
Qazlal was exalted by your worship.
You were hungry.

You visited 3 branches of the dungeon, and saw 20 of its levels.

You collected 2701 gold pieces.

Inventory:

Hand weapons
 t - the +10 quarterstaff of Pomyin (weapon) {venom, Str+3 Dex+2}
   (You found it on level 7 of the Dungeon)

   It poisons the flesh of those it strikes.
   It affects your strength (+3).
   It affects your dexterity (+2).
 O - the +11 mace of Veyz Oss {flame, rElec rF- rC+ Dex+7}
   (You found it on level 4 of the Lair of Beasts)

   It has been specially enchanted to burn those struck by it, causing extra
   injury to most foes and up to half again as much damage against particularly
   susceptible opponents.
   It affects your dexterity (+7).
   It makes you vulnerable to fire.
   It protects you from cold.
   It insulates you from electricity.
Armour
 a - a +0 cloak of poison resistance (worn)
 o - a +0 pair of boots (worn)
 C - a +0 ring mail of cold resistance (worn)
 N - a +1 hat (worn)
Jewellery
 j - an uncursed amulet of warding
 A - an amulet of regeneration (around neck)
 H - a ring of protection from cold (left hand)
 W - an uncursed ring of ice
Magical devices
 d - a wand of digging (9)
 s - a wand of flame (21)
 y - a wand of draining (6)
 D - a wand of digging (2)
 E - a wand of slowing (25)
 J - a wand of lightning (7)
 P - a wand of random effects (27)
 Q - a wand of paralysis (18)
 R - a wand of fire (3)
 U - a wand of digging (12)
 X - a wand of polymorph (13)
Scrolls
 p - 5 scrolls of remove curse
 u - a scroll of fog
 K - 2 scrolls of blinking
Potions
 e - 2 potions of curing
 f - 3 potions of cure mutation
 i - a potion of cancellation
 m - a potion of resistance
 q - a potion of might
 v - 2 potions of restore abilities
 z - 4 potions of agility
 B - a potion of brilliance
 G - a potion of ambrosia
 I - a potion of invisibility
 T - a potion of flight
Books
 b - a Young Poisoner's Handbook

   Spells                             Type                      Level
   a - Sting                          Conjuration/Poison           1
   b - Cure Poison                    Poison                       2
   c - Mephitic Cloud                 Conjuration/Poison/Air       3
   d - Olgreb's Toxic Radiance        Poison                       4
   e - Venom Bolt                     Conjuration/Poison           5
 h - a Grand Grimoire {highlevel}

   Spells                             Type                      Level
   a - Aura of Abjuration             Summoning                    6
   b - Summon Greater Demon           Summoning                    7
   c - Malign Gateway                 Summoning/Translocation      7
   d - Summon Horrible Things         Summoning                    8
 L - a book of Power

   Spells                             Type                      Level
   a - Fulminant Prism                Conjuration/Hexes            4
   b - Iskenderun's Mystic Blast      Conjuration                  4
   c - Venom Bolt                     Conjuration/Poison           5
   d - Bolt of Magma                  Conjuration/Fire/Earth       5
   e - Iron Shot                      Conjuration/Earth            6
   f - Orb of Destruction             Conjuration                  7
   g - Spellforged Servitor           Conjuration/Summoning        7
Miscellaneous
 l - a crystal ball of energy
 M - a sack of spiders
 S - a lantern of shadows
Comestibles
 c - 8 bread rations
 g - 3 chunks of flesh
 n - 8 meat rations
 w - a royal jelly


   Skills:
 - Level 5.9 Fighting
 - Level 3.3(7.2) Maces & Flails
 - Level 10.1(10.3) Staves
 - Level 6.6 Dodging
 - Level 1.7 Stealth
 - Level 6.7 Spellcasting
 + Level 12.1 Conjurations
 - Level 11.0 Summonings
 - Level 1.5 Air Magic
 - Level 10.7 Poison Magic


You had 8 spell levels left.
You knew the following spells:

 Your Spells              Type           Power        Failure   Level  Hunger
a - Sting                 Conj/Pois      ####         1%          1    None
b - Cure Poison           Pois           #####.....   1%          2    None
c - Mephitic Cloud        Conj/Pois/Air  #####...     2%          3    ##.....
d - Venom Bolt            Conj/Pois      #####.....   8%          5    #####..
e - Spellforged Servitor  Conj/Summ      ######....   99%         7    #######


Dungeon Overview and Level Annotations

Branches:
Dungeon (9/15)             Temple (0/1) D:7            Lair (7/8) D:9
  Swamp (0/5) Lair:4       Spider (0/5) Lair:3          Orc (4/4) D:9
  Slime: Lair:6-8       Elf: Orc:3-4

Altars:
Ashenzari
Cheibriados
Gozag
Makhleb
Qazlal
Vehumet
Beogh

Shops:
D:6 (   Orc:1 }   Orc:2 :   Orc:3 ?

Annotations:
D:4 Prince Ribbit; mehakun's ghost, average DsCK
D:5 exclusion: 2 ice beasts
Lair:7 Nergalle
Orc:4 Saint Roka


Innate Abilities, Weirdness & Mutations

You have hoof-like feet.
You are mostly covered in thin metallic scales (AC +3).
You emit a foul stench.
You are partially covered in sharp spines.
You are immune to rotting.


Message History

You block the orc knight's attack.
You hear a shout!
The orc knight shoots a bolt of penetration.
The bolt of penetration pierces through you.
* * * LOW HITPOINT WARNING * * *
The orc knight is engulfed in freezing vapours.
The orc knight roars a battlecry!
The orc goes into a battle-frenzy!
The orc knight misses you.
The orc knight shoots a bolt of penetration.
The bolt of penetration misses you.
The orc knight is engulfed in freezing vapours.
The warg closely misses you.
The orc knight shoots a bolt of penetration.
The bolt of penetration closely misses you.
There is a stone staircase leading up, spattered with blood here.
You see here 2 bolts.
The orc knight shoots a bolt of penetration.
The bolt of penetration pierces through you!!
You die...

##....###.######
#......#o#.## ###..§.((.h..#
##.....#[#.#.##
........oh####
........oo((###
........§oh#.##
........o§§§..#
....o...§.)@§### ..
........§.....## .....
..............### ### ......
...............###.## .......
.#.............#...# ......#
###...........#..# .....###
###........)....# .....#.###
#............#..##
.......#.###...........##...#


You could see 2 orc knights, 2 wargs, 2 orc warriors and 2 orcs.

Vanquished Creatures
  Rupert (Lair:4)
  Gastronok (Lair:3)
  Snorg (Lair:5)
  Josephine (Orc:3)
  Fannar (Orc:3)
  3 hydras
  Nessos (Orc:4)
  3 death yaks
  A catoblepas (Lair:3)
  Erolcha (D:8)
  Pikel (D:6)
  5 orc knights
  2 orc sorcerers
  A cyclops (D:9)
  11 elephants
  A griffon (Lair:6)
  Maurice (Orc:1)
  2 black mambas
  A siren (Lair:6)
  Psyche (Orc:2)
  9 spiny frogs
  9 komodo dragons
  2 trolls
  A fire drake (Lair:4)
  The ghost of Uberwunderbarhen the Magician, an experienced DEFE of Vehumet (D:6)
  A two-headed ogre (D:8)
  10 blink frogs
  A basilisk (Lair:1)
  31 yaks
  4 wraiths (Orc:2)
  4 hippogriffs
  7 wargs
  Edmund (D:8)
  6 swamp worms (Lair:4)
  10 water moccasins
  22 wolves
  10 spiders (Lair:3)
  16 porcupines
  21 orc warriors
  A necrophage (D:7)
  A phantom (D:6)
  2 sky beasts
  3 centaurs
  6 ogres
  2 ice beasts
  4 slaves (D:6)
  15 crocodiles
  Duvessa (D:6)
  16 giant frogs
  2 gnoll sergeants (D:9)
  Blork the orc (D:8)
  A wyvern skeleton (D:9)
  5 scorpions
  5 wights
  7 killer bees
  An electric eel (Lair:4)
  A goliath beetle (D:6)
  A crimson imp (D:7)
  A giant frog zombie (D:6)
  Dowan (D:6)
  2 jellies
  A giant frog skeleton (D:8)
  16 orc priests
  11 hounds
  11 orc wizards
  Natasha (D:4)
  8 worker ants
  18 sheep
  8 iguanas
  A hound skeleton (D:7)
  A hound zombie (D:7)
  A mummy (D:9)
  A worker ant zombie (D:7)
  8 gnolls (D:9)
  41 river rats
  20 adders
  2 giant mites
  5 worms
  An adder zombie (D:5)
  An orc skeleton (Orc:3)
  An adder skeleton (D:6)
  4 giant geckos
  An ooze (D:4)
  156 orcs
  12 bats
  14 hobgoblins
  11 jackals
  11 quokkas
  A ball python (D:4)
  2 giant cockroaches
  A giant gecko zombie (D:5)
  2 giant newts
  12 goblins
  13 kobolds
  17 rats
  14 spectral orcs (Lair:7)
  27 fungi
  25 plants
765 creatures vanquished.

Vanquished Creatures (collateral kills)
  A hydra (Lair:2)
1 creature vanquished.

Vanquished Creatures (others)
  A gnoll (D:9)
  2 orcs (Orc:3)
  3 fungi
6 creatures vanquished.

Grand Total: 772 creatures vanquished

Notes
Turn   | Place    | Note
--------------------------------------------------------------
     0 | D:1      | Qrupt, the Demonspawn Venom Mage, began the quest for the Orb.
     0 | D:1      | Reached XP level 1. HP: 13/13 MP: 3/3
   348 | D:1      | Gained mutation: You are partially covered in sharp spines. [demonic ancestry]
   348 | D:1      | Reached XP level 2. HP: 19/19 MP: 1/4
   821 | D:2      | Found a shattered altar of Ashenzari.
   933 | D:2      | Learned a level 2 spell: Cure Poison
   981 | D:2      | Reached skill level 5 in Poison Magic
   981 | D:2      | Gained mutation: You have large cloven feet. [demonic ancestry]
   981 | D:2      | Reached XP level 3. HP: 22/24 MP: 1/6
  1435 | D:3      | Learned a level 3 spell: Mephitic Cloud
  1710 | D:3      | Reached skill level 1 in Conjurations
  1882 | D:3      | Gained mutation: You are partially covered in thin metallic scales (AC +2). [demonic ancestry]
  1882 | D:3      | Reached XP level 4. HP: 22/30 MP: 1/7
  2649 | D:4      | Noticed Prince Ribbit
  3078 | D:4      | Noticed an ogre
  3105 | D:3      | Killed an ogre
  3105 | D:3      | Gained mutation: You are immune to rotting. [demonic ancestry]
  3105 | D:3      | Reached XP level 5. HP: 9/35 MP: 2/9
  3345 | D:4      | Noticed Natasha
  3351 | D:4      | Killed Natasha
  3479 | D:4      | Noticed mehakun's ghost (average DsCK)
  3482 | D:5      | Entered Level 5 of the Dungeon
  3552 | D:5      | Found a snail-covered altar of Cheibriados.
  3553 | D:5      | Found an opulent altar of Gozag.
  3857 | D:5      | Reached XP level 6. HP: 29/41 MP: 5/10
  4080 | D:5      | Reached skill level 5 in Conjurations
  4250 | D:5      | Found a radiant altar of Vehumet.
  4259 | D:5      | Noticed a centaur
  4274 | D:5      | Killed a centaur
  4511 | D:5      | Got a translucent chain mail
  4537 | D:5      | Identified the +1 chain mail of Smu Zeiceno {-Tele +Inv rF+ rN+ Str+3} (You found it on level 5 of the Dungeon)
  4780 | D:5      | Noticed an ice beast
  4879 | D:5      | Noticed an ice beast
  4968 | D:6      | Reached skill level 6 in Conjurations
  4973 | D:6      | Noticed Uberwunderbarhen's ghost (experienced DEFE)
  4985 | D:5      | Reached skill level 1 in Air Magic
  5100 | D:5      | Gained mutation: You have hoof-like feet. [demonic ancestry]
  5100 | D:5      | Reached XP level 7. HP: 46/46 MP: 8/12
  5141 | D:6      | Found Aneank's Antique Weapon Boutique.
  5186 | D:6      | Reached skill level 1 in Fighting
  5327 | D:6      | Noticed Dowan
  5329 | D:6      | Noticed Duvessa
  5344 | D:6      | Killed Dowan
  5655 | D:6      | Found a stormy altar of Qazlal.
  5683 | D:6      | Reached skill level 5 in Fighting
  5694 | D:6      | Reached XP level 8. HP: 36/62 MP: 2/13
  5810 | D:6      | Became a worshipper of Qazlal Stormbringer
  5859 | D:6      | Killed Duvessa
  6311 | D:6      | Killed Uberwunderbarhen's ghost
  6340 | D:6      | Noticed Pikel
  6357 | D:6      | Killed Pikel
  6743 | D:6      | Reached XP level 9. HP: 64/69 MP: 21/23
  6779 | D:7      | Found a staircase to the Ecumenical Temple.
  6852 | D:7      | Found a burning altar of Makhleb.
  6893 | D:7      | Acquired Qazlal's first power
  6975 | D:7      | Reached skill level 1 in Maces & Flails
  7350 | D:7      | Got a crystal quarterstaff
  7365 | D:7      | Identified the +10 quarterstaff of Pomyin {venom, Str+3 Dex+2} (You found it on level 7 of the Dungeon)
  7528 | D:8      | Reached skill level 1 in Staves
  7681 | D:8      | Noticed Erolcha
  7693 | D:8      | Killed Erolcha
  7693 | D:8      | Reached skill level 5 in Staves
  7844 | D:8      | Acquired Qazlal's second power
  7846 | D:8      | Noticed Blork the orc
  7851 | D:8      | Killed Blork the orc
  7906 | D:8      | Noticed Edmund
  7914 | D:8      | Killed Edmund
  7914 | D:8      | Reached XP level 10. HP: 76/76 MP: 18/24
  8336 | D:9      | Found a staircase to the Lair.
  8356 | D:9      | Reached skill level 7 in Staves
  8412 | D:9      | Noticed a cyclops
  8428 | D:9      | Killed a cyclops
  8846 | D:9      | Reached skill level 8 in Staves
  8857 | D:9      | Acquired Qazlal's third power
  8963 | D:9      | Found a staircase to the Orcish Mines.
  9196 | D:9      | Reached skill level 9 in Staves
  9405 | Lair:1   | Entered Level 1 of the Lair of Beasts
  9779 | Lair:1   | Reached skill level 10 in Staves
  9841 | Lair:1   | Acquired Qazlal's fourth power
  9848 | Lair:1   | Learned a level 5 spell: Venom Bolt
  9891 | Lair:1   | Gained mutation: You are mostly covered in thin metallic scales (AC +3). [demonic ancestry]
  9891 | Lair:1   | Reached XP level 11. HP: 81/81 MP: 25/25
 11021 | Lair:2   | Reached skill level 5 in Dodging
 11076 | Lair:2   | Noticed a five-headed hydra
 11103 | Lair:2   | Killed a five-headed hydra
 12254 | Lair:3   | Acquired Qazlal's fifth power
 12313 | Lair:3   | Noticed Gastronok
 12363 | Lair:3   | Killed Gastronok
 12363 | Lair:3   | Reached skill level 10 in Conjurations
 12464 | Lair:3   | Gained mutation: You emit a foul stench. [demonic ancestry]
 12464 | Lair:3   | Reached XP level 12. HP: 87/87 MP: 16/26
 12655 | Lair:3   | Noticed a four-headed hydra
 12667 | Lair:3   | Killed a four-headed hydra
 12667 | Lair:3   | Reached skill level 11 in Conjurations
 12701 | Lair:3   | Found a hole to the Spider Nest.
 13177 | Lair:3   | Noticed a catoblepas
 13191 | Lair:3   | Killed a catoblepas
 13631 | Lair:4   | Got an encrusted mace
 13788 | Lair:4   | Noticed Rupert
 14091 | Lair:4   | Reached skill level 10 in Poison Magic
 14337 | Lair:4   | Killed Rupert
 14437 | Lair:4   | Reached XP level 13. HP: 87/93 MP: 22/27
 14598 | Lair:4   | Learned a level 7 spell: Spellforged Servitor
 14668 | Lair:4   | Reached skill level 1 in Summonings
 14677 | Lair:4   | Found a staircase to the Swamp.
 14759 | Lair:5   | Noticed Snorg
 14809 | Lair:5   | Killed Snorg
 15556 | Lair:6   | Upgraded the game from 0.16-a0-4092-gb8933cd to 0.16-a0-4097-gb4d75fa
 15605 | Lair:6   | Reached skill level 5 in Summonings
 16063 | Lair:6   | Found a staircase to the Shoals.
 16375 | Lair:6   | Identified the +11 mace of Veyz Oss {flame, rElec rF- rC+ Dex+7} (You found it on level 4 of the Lair of Beasts)
 16632 | Lair:7   | Noticed Nergalle
 17678 | Orc:1    | Entered Level 1 of the Orcish Mines
 17763 | Orc:1    | Reached skill level 10 in Summonings
 18147 | Orc:1    | Found Pnauhy's Gadget Boutique.
 18499 | Orc:2    | Noticed Psyche
 18500 | Orc:2    | Noticed Maurice
 18586 | Orc:1    | Killed Maurice
 18805 | Orc:2    | Found Juzoink's Book Boutique.
 18841 | Orc:2    | Killed Psyche
 19110 | Orc:3    | Noticed Josephine
 19318 | Orc:3    | Found Hiestin's Magic Scroll Emporium.
 19733 | Orc:3    | Killed Josephine
 19733 | Orc:3    | Reached XP level 14. HP: 93/99 MP: 15/28
 19923 | Orc:3    | Noticed Fannar
 19941 | Orc:3    | Killed Fannar
 19958 | Orc:3    | Found a roughly hewn altar of Beogh.
 20424 | Orc:4    | Entered Level 4 of the Orcish Mines
 20424 | Orc:4    | Noticed Nessos
 20472 | Orc:4    | Killed Nessos
 20631 | Orc:4    | Noticed Saint Roka
 21079 | Orc:4    | Reached skill level 12 in Conjurations
 21278 | Orc:4    | Shot with a bolt of penetration by an orc knight

Action                   |  1- 3 |  4- 6 |  7- 9 | 10-12 | 13-15 || total
-------------------------+-------+-------+-------+-------+-------++-------
Melee: Unarmed           |     2 |       |       |       |       ||     2
       Spear             |    37 |    59 |       |       |       ||    96
       Flail             |       |       |   114 |       |       ||   114
       Whip              |       |       |   169 |       |       ||   169
       Quarterstaff      |       |       |    36 |   540 |   225 ||   801
       Mace              |       |       |       |       |   415 ||   415
 Cast: Sting             |    75 |   115 |   172 |   224 |   236 ||   822
       Cure Poison       |       |     2 |       |       |       ||     2
       Mephitic Cloud    |       |       |     8 |    31 |    28 ||    67
       Venom Bolt        |       |       |       |     3 |    17 ||    20
Invok: Elemental Force   |       |       |       |     2 |       ||     2
       Upheaval          |       |       |       |     1 |       ||     1
Evoke: Wand              |       |     4 |     1 |       |    11 ||    16
  Use: Scroll            |       |    12 |     3 |     8 |    10 ||    33
       Potion            |       |       |     1 |     4 |     8 ||    13
 Stab: Sleeping          |       |     2 |       |       |       ||     2
       Confused          |       |       |       |     7 |     6 ||    13
  Eat: Chunk             |     4 |    11 |    11 |    18 |    26 ||    70
       Fruit             |       |     1 |     3 |     2 |     4 ||    10
       Beef jerky        |       |       |     1 |     2 |       ||     3
       Pizza             |       |       |       |     1 |     1 ||     2
       Bread ration      |       |       |       |     1 |     1 ||     2
       Royal jelly       |       |       |       |       |     1 ||     1
